 Dungeon Crawl Stone Soup version 0.31-a0-1589-g8f5e8aebd6 (webtiles) character file.

Game seed: 7089371457851198004

1918876 Midn8 the Conqueror (level 27, 323/323 HPs)
             Began as an Oni Berserker on Jan 5, 2024.
             Was the Champion of Trog.
             Escaped with the Orb
             ... and 3 runes!
             The game lasted 03:17:54 (52602 turns).

Midn8 the Conqueror (Oni Berserker)                Turns: 52602, Time: 03:17:54

Health: 323/323    AC: 31    Str: 31    XL:     27
Magic:  23/23      EV: 18    Int: 10    God:    Trog [******]
Gold:   2963       SH: 35    Dex: 20    Spells: 26/26 levels left

rFire   + . .        V - +6 eveningstar of Meager True Grit {speed, rF++ Dex+6 Stlth-}
rCold   . . .        h - +7 tower shield of Classification {rElec rF- Regen+}
rNeg    . . .        K - +2 storm dragon scales {Bai Suzhen}
rPois   +            Q - +3 crown of Dyrovepreva {rElec Int+2 SInv}
rElec   +            J - +2 cloak {rPois}
rCorr   +            (gloves unavailable)
SInv    +            (boots unavailable)
Will    ++...        F - amulet of reflection Stlth
                     A - ring of Uhays {AC+4 Slay+3}
HPRegen 1.53/turn    v - ring of Detaf {^Contam rElec rCorr EV+5 SInv}
MPRegen 0.18/turn

%: reflection
@: studying Maces & Flails
A: large, unfitting armour, horns 1, tough skin 1, double potion healing,
drunken brawling, weak 1, subdued magic 1
0: Orb of Zot
}: 3/15 runes: decaying, silver, gossamer
a: Renounce Religion, Berserk, Trog's Hand, Brothers in Arms


You escaped.
You worshipped Trog.
Trog was exalted by your worship.
You visited 9 branches of the dungeon, and saw 47 of its levels.
You visited 1 bazaar.
You also visited: Ossuary, Gauntlet and Ice Cave.

You collected 6891 gold pieces.
You spent 3928 gold pieces at shops.

Inventory:

Hand Weapons
 V - the +6 eveningstar of Meager True Grit (weapon) {speed, rF++ Dex+6 Stlth-}
   (You bought it in a shop on level 2 of the Dungeon)

   Dex+6:     It affects your dexterity (+6).
   rF++:      It greatly protects you from fire.
   Stlth-:    It makes you less stealthy.
Missiles
 d - 2 throwing nets
 i - 3 darts of dispersal
 k - 31 poisoned darts
 t - 7 curare-tipped darts
 x - 9 silver javelins
 C - 51 large rocks (quivered)
 U - a javelin
Armour
 h - the +7 tower shield of Classification (worn) {rElec rF- Regen+}
   (You acquired it on level 2 of the Lair of Beasts)

   rF-:       It makes you vulnerable to fire.
   rElec:     It insulates you from electricity.
   Regen+:    It increases your rate of health regeneration.
 J - a +2 cloak of poison resistance (worn)
 K - +2 storm dragon scales (worn) {Bai Suzhen}
 Q - the +3 crown of Dyrovepreva (worn) {rElec Int+2 SInv}
   (You found it on level 5 of the Vaults)

   Int+2:     It affects your intelligence (+2).
   rElec:     It insulates you from electricity.
   SInv:      It lets you see invisible.
Jewellery
 v - the ring of Detaf (right hand) {^Contam rElec rCorr EV+5 SInv}
   (You found it in a Gauntlet)

   [ring of evasion]

   EV+5:      It affects your evasion (+5).
   rElec:     It insulates you from electricity.
   SInv:      It lets you see invisible.
   ^Contam:   It causes magical contamination when unequipped.
   rCorr:     It protects you from acid and corrosion.
 A - the ring of Uhays (left hand) {AC+4 Slay+3}
   (You bought it in a shop on level 2 of the Orcish Mines)

   [ring of protection]

   AC+4:      It affects your AC (+4).
   Slay+3:    It affects your accuracy & damage with ranged weapons and melee
   (+3).
 F - an amulet of reflection (around neck)
 X - a ring of willpower
Wands
 l - a wand of polymorph (45)
 p - a wand of digging (21)
 q - a wand of paralysis (40)
 u - a wand of iceblast (44)
 N - a wand of mindburst (36)
 R - a wand of acid (51)
 W - a wand of flame (140)
Scrolls
 b - 2 scrolls of torment
 g - 7 scrolls of silence
 m - 13 scrolls of teleportation
 n - 5 scrolls of fog
 y - 7 scrolls of poison
 z - 6 scrolls of enchant armour
 B - 6 scrolls of vulnerability
 E - 9 scrolls of immolation
 L - a scroll of blinking
 T - 9 scrolls of fear
 Y - 5 scrolls of revelation
Potions
 c - 7 potions of enlightenment
 e - 6 potions of attraction
 f - 32 potions of curing
 j - 3 potions of invisibility
 o - 2 potions of berserk rage
 r - 3 potions of resistance
 s - 6 potions of ambrosia
 w - 8 potions of haste
 D - 5 potions of magic
 G - 11 potions of mutation
 H - 8 potions of might
 I - 4 potions of lignification
 O - 11 potions of heal wounds
 Z - 6 potions of cancellation
Miscellaneous
 a - a lightning rod (4/4)
 M - a tin of tremorstones (2/2)
 P - a box of beasts
 S - a phantom mirror


   Skills:
 O Level 27 Fighting
 - Level 20.0 Maces & Flails
 - Level 22.0 Throwing
 - Level 17.0 Armour
 - Level 11.4 Dodging
 + Level 20.7 Shields
 - Level 12.0 Evocations


You had 26 spell levels left.
You didn't know any spells.
Your spell library was empty.

Dungeon Overview and Level Annotations

Branches:
Dungeon (15/15)            Temple (0/1) D:5            Lair (5/5) D:10
  Swamp (4/4) Lair:3       Spider (4/4) Lair:2        Slime (0/5) Lair:5
    Orc (2/2) D:12            Elf (3/3) Orc:2        Vaults (5/5) D:14
  Crypt (0/3) Vaults:2     Depths (4/4) D:15            Zot (5/5) Depths:4
Ossuary (visited)           IceCv (visited)         Gauntlet (visited)

Altars:
Ashenzari
Elyvilon
Fedhas
Hepliaklqana
Kikubaaqudgha
Nemelex Xobeh
Qazlal
Ru
Sif Muna
Trog
Uskayaw
Vehumet
Wu Jian
Xom
Yredelemnul
Zin
The Shining One
Jiyva

Shops:
D:2 ?([:   D:4 (   D:9 ?   D:15 =   Orc:2 =[!**!   Vaults:1 ?   Vaults:2 *
Vaults:4 !   Vaults:5 *   Depths:1 =(

Portals:
Hell: Depths:1 Depths:2 Depths:3 Depths:4
Abyss: Depths:3
Pandemonium: Depths:2
Ziggurat: Depths:2
Bazaar: D:13
Trove: Vaults:2 (give horn of Geryon)

Annotations:
D:3 1 runed translucent door, Crazy Yiuf
Lair:4 exclusion: oklob plant
Spider:1 2 transporters, Laopegif's ghost, adept OnRe
Elf:2 3 runed translucent doors
Depths:3 3 runed translucent doors, Weasch's ghost, master FoFi


Innate Abilities, Weirdness & Mutations

You are too large for most types of armour.
You have a pair of small horns on your head.
You have tough skin. (AC +1)
You gain doubled healing and magic from potions.
Whenever you drink a healing potion, you attack all around you.
You are weak. (Str -2)
Your spells are a little easier to cast, but a little less powerful.


Message History

The lich moves out of view.
There is a stone staircase leading up here.
Riucuiphe gestures.
Lightning arcs from Riucuiphe's claws!
The bolt of lightning hits Riucuiphe but does no damage.
A bolt of lightning appears from out of your range of vision.
You climb upwards.
There is a stone staircase leading down here.
(D) Dungeon (T) Temple (L) Lair (S) Swamp (N) Spider Nest (M) Slime Pits (O) Orcish Mines (E) Elven Halls (V) Vaults (C) Crypt (U) Depths (H) Hell (Z) Zot
Where to? (Tab/Enter - D:1, ? - help)
There is an entrance to Suupoenlat's Antique Weapon Shoppe here.
There is a stone staircase leading up here.
You climb upwards.
Level annotation: 1 runed translucent door, Crazy Yiuf
There is a stone staircase leading down here.
You see here a +0 leather armour.
A neqoxec comes into view.
Throw: 51 large rocks
Press: ? - help, Q - select action, (/) - cycle Shift-Dir - straight line, f - neqoxec
Aim: a neqoxec (75% to hit)
You throw a large rock. The large rock hits the neqoxec!!!!
You kill the neqoxec!
Trog accepts your kill.
C - 51 large rocks (gained 1)
(D) Dungeon (T) Temple (L) Lair (S) Swamp (N) Spider Nest (M) Slime Pits (O) Orcish Mines (E) Elven Halls (V) Vaults (C) Crypt (U) Depths (H) Hell (Z) Zot
Where to? (Tab/Enter - D:1, ? - help)
There is a stone staircase leading up here.
You climb upwards.
There is a stone staircase leading down here.
There is a stone staircase leading up here.
You climb upwards.
There is a stone staircase leading down here.
There is a staircase leading out of the dungeon here.
You have escaped!

#.##.#.....'...#.###....##.####
#.##.#.....#####.# #....)###
#.##.#.....#####.# #.##...##
#....#.....'.....# #.###...####
###..###....#########.####......
##.......####.......#...# #≈_....
#..≈≈≈≈:..##)§.≈≈§≈.§..####......
..≈≈≈≈≈≈.....§§§§≈≈≈§...##...####
..≈≈≈≈≈≈.....§≈≈@§§≈...##...## #
..≈≈≈≈≈≈......§§§§§§.......###
...≈≈≈≈..####..≈§§≈§..#...##.#
.#....).## ##...§§§#.#..###.#
..)...#.# #.#....#.######.####
......#.## ##.##.#..............
......#..####...#.##......##.####
....†.##..........##......##.#
...............#####......##.#


There were no monsters in sight!

Vanquished Creatures
  2 dread liches
  3 ancient liches
  2 orbs of fire (Zot:5)
  Frederick (Vaults:2)
  Xtahua (Vaults:3)
  Bai Suzhen (Vaults:3)
  Boris (Vaults:5)
  Vv (Zot:2)
  3 Killer Klowns (Zot:5)
  5 golden dragons
  A bone dragon (Depths:4)
  An electric golem (Zot:5)
  Zenata (Vaults:2)
  Rupert (D:12)
  7 tentacled monstrosities
  A walking crystal tome (Depths:2)
  2 walking earthen tomes (Depths:3)
  24 Orb Guardians
  2 liches
  2 deep elf blademasters (Elf:3)
  4 titans
  8 quicksilver dragons
  An Executioner (D:6)
  An acid blob (Zot:3)
  2 deep elf master archers (Elf:3)
  2 thorn hunters (Swamp:4)
  8 sphinxes
  A storm dragon (shapeshifter) (Depths:2)
  Frances (Swamp:2)
  15 tengu reavers
  7 storm dragons
  4 shadow dragons
  A daeva (D:6)
  Donald (Vaults:2)
  A protean progenitor (Zot:2)
  A fenstrider witch (Swamp:2)
  7 frost giants
  8 fire giants
  3 draconian knights
  10 deep elf sorcerers
  3 iron dragons
  A balrug (Zot:3)
  15 vault wardens
  A draconian shifter (Zot:2)
  4 spectral caustic shrikes (Depths:1)
  5 emperor scorpions
  Louise (D:15)
  5 deep elf elementalists
  7 orc warlords
  2 ghost moths
  4 draconian scorchers
  4 draconian stormcallers
  21 ironbound preservers
  2 draconian annihilators
  2 broodmothers
  3 ghouls (Swamp:3)
  32 very ugly things
  13 stone giants
  4 formless jellyfish
  A spriggan defender (Depths:3)
  3 vampire knights
  7 ironbound thunderhulks
  3 eleionomae
  6 deep elf demonologists
  4 war gargoyles
  15 dire elephants
  6 bunyips
  6 deep elf death magi
  9 green draconians
  6 purple draconians
  7 deep elf annihilators
  6 red draconians
  5 white draconians
  7 black draconians
  A spark wasp (shapeshifter) (Depths:2)
  11 spark wasps
  A minotaur (Gauntlet)
  10 yellow draconians
  2 green deaths (Zot:3)
  2 crystal guardians
  3 blizzard demons
  2 entropy weavers
  7 ettins
  6 fire dragons
  An entropy weaver (shapeshifter) (Vaults:5)
  8 deep elf high priests
  21 yaktaur captains
  8 great orbs of eyes
  Josephine (D:15)
  10 spriggan air magi
  2 rakshasas
  Erolcha (D:13)
  4 salamander tyrants (Depths:2)
  3 juggernaut simulacra (Depths:2)
  25 hydras
  8 ice dragons
  40 vault guards
  An ogre mage (Vaults:5)
  3 catoblepae (Lair:5)
  A ghost crab (Swamp:4)
  A peacekeeper (Vaults:4)
  2 radroaches
  A two-headed ogre (shapeshifter) (Vaults:5)
  10 ironbound frosthearts
  Erica (D:9)
  2 jorogumos (Spider:3)
  10 alligators
  6 centaur warriors
  8 boulder beetles
  6 deep troll shamans
  6 two-headed ogres
  A sphinx skeleton (Depths:1)
  2 vampire magi
  8 deep troll earth magi
  6 tengu warriors
  A death scarab (Spider:2)
  30 death yaks
  13 dancing weapons
  10 demonic crawlers
  An occultist (Depths:2)
  6 orc high priests
  3 spriggan berserkers
  4 hell knights
  An alligator (shapeshifter) (Depths:2)
  22 deep elf knights
  7 iron trolls
  12 spriggans
  Nergalle (D:12)
  Amaemon (D:9)
  12 pharaoh ants
  A spark wasp zombie (Depths:1)
  2 spriggan druids
  2 glowing orange brains
  4 goliath frogs
  A death drake (shapeshifter) (Vaults:5)
  53 deep trolls
  A death drake (Gauntlet)
  7 orb spiders
  3 flayed ghosts
  10 arcanists
  23 ironbound convokers
  10 swamp dragons
  21 deep elf archers
  6 phantasmal warriors
  2 sea snakes (shapeshifter)
  A glowing orange brain (shapeshifter) (Vaults:1)
  2 sun moths
  A tengu zombie (Depths:1)
  8 lindwurms
  42 deep elf pyromancers
  13 steelbarb worms
  8 bog bodies (Swamp:4)
  6 necromancers
  38 deep elf zephyrmancers
  A sphinx simulacrum (Vaults:4)
  15 orc knights
  5 harpies (Vaults:3)
  3 orc sorcerers
  A steelbarb worm (shapeshifter) (Vaults:5)
  A fire giant zombie (Vaults:4)
  3 will-o-the-wisps
  46 ugly things
  11 wolf spiders
  A salamander (Depths:1)
  Maurice (D:8)
  A spectral centaur (Gauntlet)
  4 manticores
  2 fauns (shapeshifter)
  7 moths of wrath
  A frost giant skeleton (Vaults:2)
  3 cyclopes
  3 meliai
  An apocalypse crab (Gauntlet)
  A black mamba (Lair:3)
  A kobold blastminer (Orc:2)
  Joseph (Lair:1)
  24 vault sentinels
  7 torpor snails
  An ice statue (IceCv)
  12 cane toads
  Jeremiah (D:7)
  An orange demon (D:9)
  2 large abominations (D:6)
  A minotaur zombie (Gauntlet)
  A water nymph (shapeshifter) (Depths:2)
  4 unseen horrors
  3 rime drakes
  2 gargoyles
  2 freezing wraiths (Vaults:5)
  8 komodo dragons
  2 yaktaur zombies
  Psyche (D:9)
  An efreet (D:15)
  38 yaktaurs
  9 tengu conjurers
  5 trolls
  14 polar bears
  A tengu simulacrum (Vaults:3)
  A bloated husk (Swamp:3)
  A polar bear (shapeshifter) (Vaults:1)
  9 hornets
  11 tarantellas
  8 blink frogs
  12 tyrant leeches
  A glass eye (Depths:3)
  A deep troll skeleton (Vaults:2)
  16 jumping spiders
  28 slime creatures
  Sigmund (D:3)
  5 shadows
  3 air elementals
  20 culicivoras
  A water elemental (Elf:1)
  3 wyverns
  12 wraiths
  2 vampires
  2 fire elementals
  3 fire bats (D:8)
  A steam dragon (D:7)
  6 basilisks
  3 wargs
  87 yaks
  14 swamp worms
  14 vampire mosquitoes
  A neqoxec (D:3)
  49 redbacks
  A glowing shapeshifter zombie (Depths:1)
  An acid dragon (D:9)
  A spectral hornet (Gauntlet)
  13 water moccasins
  4 black bears
  7 swamp drakes
  A sky beast (D:8)
  30 orc warriors
  3 boggarts
  A boggart (shapeshifter) (D:15)
  4 ice beasts
  40 wolves
  12 ogres
  9 centaurs
  3 phantoms
  2 elf zombies
  A kobold brigand (D:10)
  8 bullfrogs
  3 scorpions
  A glowing shapeshifter simulacrum (Vaults:3)
  2 earth elementals (Elf:3)
  A human skeleton (Vaults:3)
  4 killer bees (D:9)
  An electric eel (Elf:2)
  3 vampire bats (Lair:3)
  2 howler monkeys
  A crimson imp (D:6)
  6 human zombies
  6 centaur zombies (Ossuary)
  3 jellies
  34 orc priests
  2 bombardier beetles
  3 hounds
  A gnoll bouda (D:6)
  3 iguanas
  Terence (D:3)
  40 orc wizards
  6 hell rats (Lair:5)
  A crocodile zombie (Ossuary)
  3 mummies (Ossuary)
  16 adders
  5 gnolls (D:6)
  A shadow imp (D:5)
  12 white imps (Lair:5)
  2 dart slugs
  5 ribbon worms (D:3)
  77 orcs
  23 bats
  12 endoplasms
  4 giant cockroaches
  8 goblins
  12 hobgoblins
  4 jackals (D:1)
  3 quokkas
  7 ball pythons
  9 frilled lizards
  2 goblin skeletons (D:6)
  A goblin zombie (D:6)
  2 hobgoblin zombies (D:6)
  19 kobolds
  3 kobold skeletons (D:6)
  2 orc zombies (D:6)
  7 rats
2081 creatures vanquished.

Vanquished Creatures (collateral kills)
  The ghost of Yhagabbo the Devastator, an adept DrCj of Sif Muna (Vaults:3)
  3 hydras (Swamp:4)
  4 death yaks (Lair:2)
  A wolf spider (Spider:2)
  A vault sentinel (Vaults:2)
  Maggie (D:7)
  A culicivora (Spider:2)
  3 yaks (Lair:2)
  A redback (Spider:2)
  An orc wizard (D:7)
17 creatures vanquished.

Vanquished Creatures (others)
  2 liches
  Asterion (Depths:1)
  A green draconian (Zot:2)
  A bunyip (Swamp:3)
  An alligator (Swamp:3)
  3 deep elf knights
  3 deep elf zephyrmancers
  5 bloated husks
  A troll (D:8)
  A bullfrog (D:8)
  A howler monkey (D:8)
  2 orc wizards
  4 orcs
  6 foxfires
32 creatures vanquished.

Grand Total: 2130 creatures vanquished

Notes
Turn   | Place    | Note
-------+----------+-------------------------------------------
     0 | D:1      | Midn8 the Oni Berserker began the quest for the Orb.
     0 | D:1      | Reached XP level 1. HP: 24/24 MP: 1/1
   120 | D:1      | Reached XP level 2. HP: 32/32 MP: 2/2
   189 | D:1      | Found a faded altar of an unknown god.
   508 | D:1      | Reached ** piety under Trog
   509 | D:1      | Reached XP level 3. HP: 39/39 MP: 3/3
   982 | D:2      | Found Tegiul's Book Shop.
  1044 | D:2      | Found Agudyoseuck's Antique Weapon Shop.
  1095 | D:2      | Reached XP level 4. HP: 42/48 MP: 4/4
  1149 | D:2      | Found Tuplyvvu's Magic Scroll Boutique.
  1162 | D:2      | Bought a scroll of identify for 28 gold pieces
  1162 | D:2      | Bought a scroll of teleportation for 42 gold pieces
  1162 | D:2      | Bought a scroll of teleportation for 42 gold pieces
  1171 | D:2      | Reached skill level 5 in Maces & Flails
  1391 | D:2      | Found Vegydeot's Antique Armour Boutique.
  1623 | D:2      | Found an ancient bone altar of Kikubaaqudgha.
  1635 | D:2      | Reached *** piety under Trog
  1740 | D:3      | Noticed Sigmund
  1801 | D:3      | Killed Sigmund
  1802 | D:3      | Reached skill level 5 in Fighting
  1802 | D:3      | Reached XP level 5. HP: 57/57 MP: 5/5
  1802 | D:3      | Reached XP level 6. HP: 66/66 MP: 6/6
  2015 | D:3      | Found a sacrificial altar of Ru.
  2161 | D:3      | Found an ancient bone altar of Kikubaaqudgha.
  2162 | D:3      | Noticed Terence
  2173 | D:3      | Killed Terence
  2174 | D:3      | Reached skill level 6 in Fighting
  2377 | D:3      | Found a runed translucent door.
  2378 | D:3      | Noticed Crazy Yiuf
  2754 | D:4      | Found Suupoenlat's Antique Weapon Shoppe.
  2795 | D:4      | Reached XP level 7. HP: 57/75 MP: 7/7
  3134 | D:4      | Reached **** piety under Trog
  3740 | D:5      | Entered Level 5 of the Dungeon
  3746 | D:5      | Reached XP level 8. HP: 76/83 MP: 8/8
  3896 | D:5      | Found a staircase to the Ecumenical Temple.
  3965 | D:5      | Reached skill level 5 in Dodging
  3965 | D:5      | Reached skill level 1 in Throwing
  4381 | D:5      | Reached skill level 5 in Throwing
  4498 | D:5      | Found a basalt altar of Yredelemnul.
  5169 | D:6      | Noticed a yak
  5224 | D:6      | Reached XP level 9. HP: 68/89 MP: 9/9
  5276 | D:6      | Found a glowing golden altar of the Shining One.
  5332 | D:6      | Found a shimmering blue altar of Sif Muna.
  5358 | D:6      | Found a sand-covered staircase.
  5371 | Ossuary  | Entered an ossuary
  5804 | D:6      | Reached skill level 10 in Maces & Flails
  5951 | D:6      | Reached skill level 7 in Fighting
  5995 | D:6      | Reached ***** piety under Trog
  6186 | D:7      | Reached skill level 8 in Fighting
  6196 | D:7      | Noticed Maggie
  6277 | D:7      | Killed Maggie
  6278 | D:7      | Reached skill level 9 in Fighting
  6278 | D:7      | Reached XP level 10. HP: 40/107 MP: 10/10
  6551 | D:7      | Noticed Jeremiah
  6895 | D:7      | Reached skill level 10 in Fighting
  7016 | D:7      | Killed Jeremiah
  7381 | D:7      | You fall into a shaft and drop 1 floor!
  7391 | D:8      | Found an ornate altar of the Wu Jian Council.
  7414 | D:8      | Noticed a two-headed ogre
  7428 | D:8      | Killed a two-headed ogre
  7494 | D:8      | Found a broken altar of Ashenzari.
  7592 | D:8      | Found a radiant altar of Vehumet.
  7668 | D:8      | Found a glowing silver altar of Zin.
  7679 | D:8      | Found the +3 Mad Mage's Maulers {Infuse+∞ VampMP -Cast}
  7759 | D:8      | Noticed Maurice
  7760 | D:8      | Maurice stole a ring of magical power
  7769 | D:8      | Killed Maurice
  8172 | D:8      | Found a shimmering altar of Xom.
  8564 | D:8      | Found a glowing silver altar of Zin.
  8587 | D:8      | Found a runed translucent door.
  8596 | D:8      | Found a glowing golden altar of the Shining One.
  8661 | D:8      | Found a white marble altar of Elyvilon.
  8672 | D:8      | Found a hide-covered altar of Uskayaw.
  8739 | D:8      | Noticed a flayed ghost
  8755 | D:8      | Found a radiant altar of Vehumet.
  8793 | D:8      | Found a white marble altar of Elyvilon.
  8838 | D:8      | Reached XP level 11. HP: 117/117 MP: 11/11
  9203 | D:8      | Killed a flayed ghost
  9207 | D:8      | Identified the +3 broad axe of the Eight Lies {flame, rC+}
  9289 | D:9      | Noticed Psyche
  9289 | D:9      | Noticed Amaemon
  9347 | D:9      | Noticed Erica
  9799 | D:9      | Identified the +10 quarterstaff "Puzizyos" {flame, *Noise
                  | rF++} (Trog gifted it to you on level 9 of the Dungeon)
  9799 | D:9      | Received a gift from Trog
  9799 | D:9      | Noticed a two-headed ogre
  9827 | D:9      | Killed a two-headed ogre
  9903 | D:9      | Found a stormy altar of Qazlal.
  9922 | D:9      | Found Jaheblan's Magic Scroll Boutique.
 10111 | D:2      | Bought a faintly glowing eveningstar for 380 gold pieces
 10111 | D:2      | Identified the +6 eveningstar of Meager True Grit {speed,
                  | rF++ Dex+6 Stlth-} (You bought it in a shop on level 2 of
                  | the Dungeon)
 10452 | D:9      | Killed Amaemon
 10521 | D:9      | Killed Erica
 10589 | D:9      | Killed Psyche
 10922 | D:10     | Entered Level 10 of the Dungeon
 10966 | D:10     | Reached skill level 10 in Throwing
 11067 | D:10     | Found a hazy altar of Hepliaklqana.
 11099 | D:10     | Reached XP level 12. HP: 120/126 MP: 10/12
 11201 | D:10     | Found a white marble altar of Elyvilon.
 11277 | D:10     | Reached skill level 11 in Fighting
 11369 | D:10     | Noticed a two-headed ogre
 11385 | D:10     | Killed a two-headed ogre
 11386 | D:10     | Reached skill level 12 in Fighting
 11397 | D:10     | Noticed a two-headed ogre
 11413 | D:10     | Killed a two-headed ogre
 11457 | D:10     | Found a staircase to the Lair.
 11824 | D:11     | Found a flickering gateway to a bazaar.
 11840 | D:11     | Reached skill level 13 in Fighting
 11848 | Bazaar   | Entered a bazaar
 11991 | Bazaar   | Found Cifojian's Jewellery Boutique.
 12007 | Bazaar   | Found Vewk's Assorted Antiques.
 12031 | Bazaar   | Found Tupoitrure's Distillery.
 12047 | Bazaar   | Found Ileingig's Book Shoppe.
 12090 | Bazaar   | Bought a potion of heal wounds for 40 gold pieces
 12090 | Bazaar   | Bought a potion of curing for 24 gold pieces
 12458 | D:11     | Reached skill level 14 in Fighting
 13134 | D:12     | Identified the +5 giant club "Caqouve" {flame, *Noise
                  | Str+5} (Trog gifted it to you on level 12 of the Dungeon)
 13134 | D:12     | Received a gift from Trog
 13152 | D:12     | Found a staircase to the Orcish Mines.
 13443 | D:12     | Noticed Nergalle
 13458 | D:12     | Killed Nergalle
 13459 | D:12     | Reached skill level 15 in Maces & Flails
 13578 | D:12     | Noticed Sonja
 13579 | D:12     | Sonja changed into Sonja the howler monkey
 13579 | D:12     | Noticed Sonja
 13580 | D:12     | Noticed a two-headed ogre
 13584 | D:12     | Killed Sonja the howler monkey
 13589 | D:12     | Killed a two-headed ogre
 13630 | D:12     | Reached XP level 13. HP: 129/146 MP: 10/13
 13705 | D:12     | Noticed Rupert
 13727 | D:12     | Killed Rupert
 14068 | Lair:1   | Entered Level 1 of the Lair of Beasts
 14464 | Lair:1   | Reached skill level 15 in Fighting
 14795 | Lair:1   | Noticed Joseph
 14800 | Lair:1   | Killed Joseph
 15100 | Lair:2   | Reached skill level 16 in Fighting
 15123 | Lair:2   | Identified a scroll of acquirement
 15229 | Lair:2   | Reached skill level 17 in Fighting
 15229 | Lair:2   | Reached skill level 1 in Shields
 15288 | Lair:2   | You fall into a shaft and drop 1 floor!
 15435 | Lair:2   | Found a gate leading to a gauntlet.
 15445 | Gauntlet | Entered a Gauntlet
 15445 | Gauntlet | Found a transporter.
 15447 | Gauntlet | Noticed an entropy weaver
 15453 | Gauntlet | Found a transporter.
 15466 | Gauntlet | Found a transporter.
 15469 | Gauntlet | Found a transporter.
 15484 | Gauntlet | Found a transporter.
 15498 | Gauntlet | Found a runed translucent gate.
 15499 | Gauntlet | Found a transporter.
 15499 | Gauntlet | Found a runed translucent gate.
 15500 | Gauntlet | Found a runed translucent gate.
 15513 | Gauntlet | Found a transporter.
 15516 | Gauntlet | Found a transporter.
 15517 | Gauntlet | Found a transporter.
 15520 | Gauntlet | Found a transporter.
 15521 | Gauntlet | Found a transporter.
 15523 | Gauntlet | Found a runed translucent door.
 15525 | Gauntlet | Found a runed translucent door.
 15529 | Gauntlet | Found a transporter.
 15558 | Gauntlet | Identified the ring of Detaf {^Contam rElec rCorr EV+5
                  | SInv}
 15585 | Gauntlet | Identified the +1 hat of Miracles {rF++ rCorr Int-5}
 15679 | Gauntlet | Acquired the +7 tower shield of Classification {rElec rF-
                  | Regen+}
 15699 | Gauntlet | Noticed a minotaur
 15706 | Gauntlet | Killed a minotaur
 16052 | Lair:2   | Found a hole to the Spider Nest.
 16149 | Lair:2   | Reached skill level 5 in Shields
 16159 | Lair:2   | Reached XP level 14. HP: 166/166 MP: 14/14
 16532 | Lair:3   | Reached ****** piety under Trog
 17228 | Lair:3   | Identified the +1 giant spiked club of Nitael {flame,
                  | ^Contam rC+++ SInv} (Trog gifted it to you on level 3 of
                  | the Lair of Beasts)
 17228 | Lair:3   | Received a gift from Trog
 17271 | Lair:3   | Found a staircase to the Swamp.
 17906 | Lair:4   | Found a sparkling altar of Nemelex Xobeh.
 18013 | Lair:4   | Reached skill level 10 in Shields
 18436 | Lair:5   | Entered Level 5 of the Lair of Beasts
 18515 | Lair:5   | Reached skill level 18 in Fighting
 18755 | Lair:5   | Reached XP level 15. HP: 178/178 MP: 15/15
 18770 | Lair:5   | Received a gift from Trog
 18792 | Lair:5   | Reached skill level 19 in Fighting
 18959 | Lair:5   | Identified the +3 demon trident of the Crushed Violins
                  | {drain, ^Contam +Blink rCorr MP+9}
 19112 | Lair:5   | Found a staircase to the Slime Pits.
 19112 | Lair:5   | Found a viscous altar of Jiyva.
 19153 | Lair:5   | Found a frozen archway.
 19180 | IceCv    | Entered an ice cave
 19213 | IceCv    | Reached skill level 20 in Fighting
 19584 | IceCv    | Received a gift from Trog
 19696 | IceCv    | Identified the +5 orcbow "Reysebb" {drain, ^Drain +Blink
                  | Int+3 Dex+9}
 20601 | D:13     | Noticed Erolcha
 20607 | D:13     | Killed Erolcha
 20780 | D:13     | Found a gateway to a bazaar.
 21249 | D:14     | Reached XP level 16. HP: 173/192 MP: 12/16
 21469 | D:14     | Found a gate to the Vaults.
 21825 | D:15     | Entered Level 15 of the Dungeon
 21865 | D:15     | Received a gift from Trog
 21893 | D:15     | Reached skill level 1 in Armour
 22050 | D:15     | Noticed Louise
 22060 | D:15     | Killed Louise
 22084 | D:15     | Noticed Josephine
 22093 | D:15     | Killed Josephine
 22247 | D:15     | Found a staircase to the Depths.
 22344 | D:15     | Found Kuafuf's Jewellery Emporium.
 22612 | D:15     | Reached skill level 5 in Armour
 22742 | Orc:1    | Entered Level 1 of the Orcish Mines
 22780 | Orc:1    | Received a gift from Trog
 23117 | Orc:2    | Entered Level 2 of the Orcish Mines
 23135 | Orc:2    | Found Deagez's Jewellery Emporium.
 23143 | Orc:2    | Bought the ring of Uhays {AC+4 Slay+3} for 778 gold pieces
 23507 | Orc:2    | Found Biprucie's Armour Shoppe.
 23774 | Orc:2    | Gained mutation: Your spells are a little easier to cast,
                  | but a little less powerful. [a neqoxec]
 23787 | Orc:2    | Received a gift from Trog
 23944 | Orc:2    | Found a staircase to the Elven Halls.
 24031 | Orc:2    | Found Nepsuic's Assorted Antiques.
 24032 | Orc:2    | Found Zugoc's Distillery.
 24033 | Orc:2    | Found Ybbedooc's Assorted Antiques.
 24037 | Orc:2    | Found Ukadwu's Distillery.
 24057 | Orc:2    | Bought a scroll of enchant armour for 247 gold pieces
 24059 | Orc:2    | Bought a potion of might for 52 gold pieces
 24059 | Orc:2    | Bought a potion of invisibility for 104 gold pieces
 24059 | Orc:2    | Bought a potion of curing for 39 gold pieces
 24059 | Orc:2    | Bought a potion of curing for 39 gold pieces
 24059 | Orc:2    | Bought a potion of heal wounds for 65 gold pieces
 24059 | Orc:2    | Bought a potion of curing for 39 gold pieces
 24059 | Orc:2    | Bought 2 potions of curing for 78 gold pieces
 24420 | Spider:1 | Entered Level 1 of the Spider Nest
 24522 | Spider:1 | Reached skill level 15 in Shields
 24667 | Spider:1 | Noticed Laopegif's ghost (adept OnRe)
 24669 | Spider:1 | Found a transporter.
 25245 | Spider:1 | Found a transporter.
 25405 | Spider:2 | Reached XP level 17. HP: 175/201 MP: 14/17
 25543 | Spider:2 | Identified the +8 rapier "Conservator" {venom, Fly Str+4}
 26005 | Spider:2 | Upgraded the game from 0.31-a0-1576-ga3383bade6 to
                  | 0.31-a0-1589-g8f5e8aebd6
 26186 | Spider:3 | Received a gift from Trog
 26444 | Spider:3 | Identified the +2 shortbow of Prudence {freeze, rF+ Str-4
                  | Dex+2}
 26846 | Spider:4 | Entered Level 4 of the Spider Nest
 27061 | Spider:3 | Reached skill level 21 in Fighting
 27331 | Spider:4 | Received a gift from Trog
 27448 | Spider:4 | Reached skill level 22 in Fighting
 27650 | Spider:4 | Reached XP level 18. HP: 219/219 MP: 18/18
 27938 | Spider:4 | Got a gossamer rune of Zot
 28179 | Swamp:1  | Entered Level 1 of the Swamp
 28264 | Swamp:1  | Reached skill level 23 in Fighting
 28640 | Swamp:1  | Identified the +1 plate armour of the Red God {rF+ Will+
                  | Slay+2}
 28842 | Swamp:2  | Received a gift from Trog
 29124 | Swamp:2  | Noticed Frances
 29139 | Swamp:2  | Killed Frances
 29431 | Swamp:3  | Identified the +8 flail "Beatrasu" {pain, rF- Str+3 Stlth+}
 29547 | Swamp:3  | Identified the +2 great sword of Wyom {holy, rF+ MP+9
                  | Dex+6}
 30005 | Swamp:4  | Entered Level 4 of the Swamp
 30022 | Swamp:4  | Received a gift from Trog
 30433 | Swamp:4  | Reached XP level 19. HP: 198/231 MP: 16/19
 30475 | Swamp:4  | Got a decaying rune of Zot
 30845 | Swamp:3  | Received a gift from Trog
 31126 | Vaults:1 | Entered Level 1 of the Vaults
 32419 | Vaults:1 | Received a gift from Trog
 32452 | Vaults:1 | Acquired a manual of Evocations
 32534 | Vaults:1 | Reached skill level 1 in Evocations
 32821 | Vaults:1 | Found Niygreb's Magic Scroll Boutique.
 32824 | Vaults:1 | Bought a scroll of fear for 48 gold pieces
 32824 | Vaults:1 | Bought a scroll of teleportation for 36 gold pieces
 32824 | Vaults:1 | Bought a scroll of identify for 24 gold pieces
 32824 | Vaults:1 | Bought a scroll of teleportation for 36 gold pieces
 32919 | Vaults:1 | Reached skill level 5 in Evocations
 33459 | Vaults:2 | Identified the orb "Kobleg" {light, rPois Str-5 Dex+4
                  | Stlth+}
 33459 | Vaults:2 | Noticed Frederick
 33538 | Vaults:2 | Killed Frederick
 33600 | Vaults:2 | Noticed Donald
 33610 | Vaults:2 | Killed Donald
 33611 | Vaults:2 | Noticed Zenata
 33631 | Vaults:2 | Received a gift from Trog
 33648 | Vaults:2 | Killed Zenata
 33653 | Vaults:2 | Reached XP level 20. HP: 210/243 MP: 17/20
 33978 | Vaults:2 | Identified the +1 arbalest "Xilopt" {flame, ^Drain rPois
                  | Int+3}
 34162 | Vaults:2 | Found a staircase to the Crypt.
 34221 | Vaults:2 | Found Diapsus's Assorted Antiques.
 34241 | Vaults:2 | Found a portal to a secret trove of treasure.
 34615 | Vaults:2 | Received a gift from Trog
 34624 | Vaults:2 | Reached skill level 10 in Dodging
 35074 | Vaults:3 | Noticed Xtahua
 35114 | Vaults:3 | Killed Xtahua
 35447 | Vaults:3 | Found a runed translucent door.
 35447 | Vaults:3 | Noticed Yhagabbo's ghost (adept DrCj)
 35453 | Vaults:3 | Noticed Bai Suzhen
 35481 | Vaults:3 | Killed Bai Suzhen
 35690 | Vaults:3 | Reached skill level 10 in Armour
 35769 | Vaults:3 | Received a gift from Trog
 36002 | Vaults:3 | Reached skill level 24 in Fighting
 36157 | Vaults:3 | Reached XP level 21. HP: 253/253 MP: 21/21
 36584 | Vaults:3 | Killed Yhagabbo's ghost
 36931 | Vaults:4 | Found Dountomn's Distillery.
 36955 | Vaults:4 | Reached skill level 25 in Fighting
 36981 | Vaults:4 | Received a gift from Trog
 37215 | Vaults:2 | Bought a tin of tremorstones (2/2) for 1320 gold pieces
 37215 | Vaults:2 | Bought a scroll of enchant armour for 247 gold pieces
 37574 | Vaults:4 | Reached skill level 26 in Fighting
 38207 | Vaults:4 | Received a gift from Trog
 38497 | Depths:1 | Entered Level 1 of the Depths
 38507 | Depths:1 | Noticed Asterion
 38518 | Depths:1 | Killed Asterion
 38618 | Depths:1 | Reached skill level 27 in Fighting
 38786 | Depths:1 | Found a gateway to Hell.
 39018 | Depths:1 | Found a broken altar of Ashenzari.
 39104 | Depths:1 | Found Mivo's Jewellery Shoppe.
 39109 | Depths:1 | Found Modimol's Antique Weapon Shoppe.
 39180 | Depths:1 | Reached XP level 22. HP: 243/275 MP: 18/22
 39225 | Depths:1 | Paralysed by a sphinx for 2 turns
 39290 | Depths:1 | Received a gift from Trog
 39737 | Depths:2 | Found a one-way gateway to a ziggurat.
 40126 | Elf:1    | Entered Level 1 of the Elven Halls
 40171 | Elf:1    | Reached skill level 15 in Throwing
 40274 | Elf:1    | Identified the +2 leather armour of the Desolation of Salt
                  | {rN++ Str-3}
 40547 | Elf:1    | Identified the +8 giant spiked club "Durgh" {heavy, Fly rF+
                  | rCorr Dex-4} (Trog gifted it to you on level 1 of the Elven
                  | Halls)
 40547 | Elf:1    | Received a gift from Trog
 41281 | Elf:2    | Found a runed translucent gate.
 41281 | Elf:2    | Found a runed translucent gate.
 41281 | Elf:2    | Found a runed translucent gate.
 41285 | Elf:2    | Received a gift from Trog
 41645 | Elf:2    | Found the +8 demon blade "Leech" {evervamp, Harm ^Drain
                  | rN+}
 41691 | Elf:2    | Paralysed by an air elemental for 1 turns
 42064 | Elf:3    | Entered Level 3 of the Elven Halls
 42144 | Elf:3    | Received a gift from Trog
 42632 | Elf:3    | Received a gift from Trog
 42716 | Elf:3    | Reached XP level 23. HP: 284/284 MP: 23/23
 42778 | Elf:3    | Reached skill level 10 in Evocations
 42778 | Elf:3    | Identified the +5 scimitar of Zuenir {flame, rC+ Int-3
                  | Dex+2}
 42841 | Elf:3    | Identified the +1 robe of Esson {Int+5 Dex+3}
 42845 | Elf:3    | Identified the +6 glaive "Jaefiume" {elec, *Rage rElec
                  | Dex+3 Stlth+}
 43481 | Elf:3    | Identified the +10 shortbow "Holixiv" {flame, rC+ Dex+5}
 43596 | Elf:3    | Received a gift from Trog
 44218 | Depths:2 | Noticed an ancient lich
 44326 | Depths:1 | Killed an ancient lich
 44497 | Depths:2 | Identified the staff "Fusuer" {Dex+3 SInv Earth}
 44856 | Depths:2 | Identified the staff "Jehacoq" {rF+ Dex+4 Fire}
 44975 | Depths:2 | Received a gift from Trog
 45146 | Depths:2 | Found a one-way gate leading to the halls of Pandemonium.
 45789 | Depths:3 | Identified the ring "Hauwk" {rPois Str+2 Dex+6}
 45826 | Depths:3 | Reached XP level 24. HP: 295/295 MP: 23/23
 45836 | Depths:3 | Received a gift from Trog
 45920 | Depths:3 | Reached XP level 25. HP: 294/304 MP: 23/23
 46049 | Depths:3 | Found a runed translucent gate.
 46078 | Depths:3 | Found a runed translucent gate.
 46082 | Depths:3 | Found a runed translucent gate.
 46086 | Depths:3 | Noticed Weasch's ghost (master FoFi)
 46086 | Depths:3 | Noticed a dread lich
 46362 | Depths:3 | Found a one-way gate to the infinite horrors of the Abyss.
 46438 | Depths:3 | Found a bloodstained altar of Trog.
 46580 | Depths:4 | Entered Level 4 of the Depths
 46861 | Depths:4 | Received a gift from Trog
 46867 | Depths:4 | Found a gate to the Realm of Zot.
 47308 | Depths:4 | Found a blossoming altar of Fedhas.
 47851 | Vaults:5 | Entered Level 5 of the Vaults
 47915 | Vaults:5 | Identified the +7 crystal plate armour of Decaying Miracles
                  | {+Blink}
 47938 | Vaults:5 | Noticed a dread lich
 47953 | Vaults:5 | Killed a dread lich
 48012 | Vaults:5 | Identified the +5 glaive of the Winnowing Madman {venom,
                  | Int+2 Stlth+}
 48069 | Vaults:5 | Noticed an ancient lich
 48086 | Vaults:5 | Killed an ancient lich
 48098 | Vaults:5 | Got a silver rune of Zot
 48258 | Vaults:5 | Identified the +7 long sword of Quly {vamp, rC- Str+4
                  | Int+2}
 48294 | Vaults:5 | Noticed Boris
 48320 | Vaults:5 | Killed Boris
 48320 | Vaults:5 | Received a gift from Trog
 48535 | Vaults:5 | Identified the +10 mace of the Insatiable Artists {flame,
                  | *Noise Int+4 SInv}
 48794 | Vaults:5 | Reached skill level 15 in Armour
 48803 | Vaults:5 | Reached XP level 26. HP: 296/297 MP: 23/23
 48803 | Vaults:5 | Found the +3 crown of Dyrovepreva {rElec Int+2 SInv}
 48972 | Vaults:5 | Received a gift from Trog
 49293 | Vaults:5 | Identified the staff "Woeruufa" {rPois Tloc Alchemy}
 49547 | Vaults:5 | Found Bimovidixe's Assorted Antiques.
 49554 | Vaults:5 | Bought a clouded golden amulet for 220 gold pieces
 49554 | Vaults:5 | Identified the amulet "Cojuhoi" {Spirit rC- rN+ Regen+
                  | Dex+3} (You bought it in a shop on level 5 of the Vaults)
 49960 | Zot:1    | Entered Level 1 of the Realm of Zot
 49988 | Zot:2    | Identified the +5 giant club "Newtslayer" {flame, ^Fragile
                  | +Blink rElec rN++} (Trog gifted it to you on level 2 of the
                  | Realm of Zot)
 49988 | Zot:2    | Received a gift from Trog
 50182 | Zot:2    | Acquired a manual of Maces & Flails
 50579 | Zot:3    | Identified the +3 morningstar "Ofuhilet" {protect, rC+}
 50769 | Zot:3    | Noticed Vv
 50798 | Zot:2    | Killed Vv
 51017 | Zot:5    | Entered Level 5 of the Realm of Zot
 51040 | Zot:5    | Received a gift from Trog
 51242 | Zot:5    | Noticed an orb of fire
 51248 | Zot:5    | Gained mutation: You are weak. (Str -2) [an orb of fire]
 51257 | Zot:5    | Killed an orb of fire
 51334 | Zot:5    | Reached XP level 27. HP: 323/323 MP: 23/23
 51762 | Zot:5    | Noticed an ancient lich
 51765 | Zot:5    | Killed an ancient lich
 51849 | Zot:5    | Noticed an orb of fire
 51865 | Zot:5    | Killed an orb of fire
 51952 | Zot:5    | Noticed a dread lich
 51963 | Zot:5    | Killed a dread lich
 52146 | Zot:5    | Got the Orb of Zot
 52149 | Zot:5    | Noticed an ancient lich
 52150 | Zot:5    | Noticed an ancient lich
 52564 | D:5      | Noticed Riucuiphe the pandemonium lord
 52602 | D:$      | Escaped with the Orb!

Illustrated notes

Levels and vault maps discovered:
D:1:      dpeg_arrival_pits, layout_basic, hellmonk_ecumenical_altar_crossroads,
          st_stairs_13
D:2:      layout_rooms, basic_altar, serial_shops, shop_fountains,
          nicolae_shop_advertising_works [nicolae_subvault_shop_adworks],
          nicolae_shop_behind_doors, nicolae_diamond_shop, st_stairs_10
D:3:      layout_rooms, nicolae_overflow_crystal_walls, old_standard_altar,
          nicolae_wormholes, uniq_terence, uniq_sigmund, uniq_crazy_yiuf_cottage
D:4:      layout_loops_ring, serial_shops, nicolae_stop_n_shop_2
D:5:      layout_layer_cave, mainiacjoe_overflow_alcove_2,
          minmay_temple_entry_mist, grunt_ministairs_4, minmay_bent
D:6:      layout_cave_pools, mainiacjoe_overflow_paths,
          nicolae_tso_besieged_by_evil, nicolae_ossuary_entry_false_entrances,
          minmay_misc_feat_square
D:7:      layout_cave_pods, nemelex_diamond_rough_becter,
          hangedman_abyss_or_decor_passed, uniq_jeremiah, uniq_maggie
D:8:      due_megacathedral, layout_layer_cave, xom_confusion_cloud,
          lemuel_crystal_altar, mainiacjoe_overflow_concentric_impassable,
          mainiacjoe_overflow_catch_the_wave, nicolae_letterblocks
          [nicolae_letter_subblock, nicolae_letter_subblock,
          nicolae_letter_subblock, nicolae_letter_subblock,
          nicolae_letter_subblock, nicolae_letter_subblock,
          nicolae_letter_subblock, nicolae_letter_subblock,
          nicolae_letter_subblock, nicolae_letter_subblock,
          nicolae_letter_subblock, nicolae_letter_subblock,
          nicolae_letter_subblock, nicolae_letter_subblock,
          nicolae_letter_subblock, nicolae_letter_subblock,
          nicolae_letter_subblock, nicolae_letter_subblock,
          nicolae_letter_subblock, nicolae_letter_subblock,
          nicolae_letter_subblock, nicolae_letter_subblock,
          nicolae_letter_subblock, nicolae_letter_subblock,
          nicolae_letter_subblock], uniq_maurice
D:9:      layout_basic, nicolae_qazlal_general_emergency, serial_shops, shop,
          serial_park_tiny_pond, dk_noncrumbling_2, uniq_psyche, uniq_erica,
          uniq_amaemon
D:10:     layout_small_grid, mainiacjoe_overflow_cross_hatched,
          nicolae_hepliaklqana_hippocampus, david_lair_shrubbed
D:11:     layout_basic, serial_shops, freezing_bzr
D:12:     layout_loops_ring, david_orc_4, uniq_rupert, uniq_sonja, uniq_nergalle
D:13:     layout_basic, serial_shops, bzr_entry_customers, corexii_corridor_pit,
          nicolae_kite_square_tiling_tiny, st_stairs_13, uniq_erolcha
D:14:     layout_irregular_city, erik_vaults_2
D:15:     hangedman_depths_entry_civil_slaughter, layout_loops_ring,
          corexii_leaking_fountain, serial_shops, shop,
          minmay_misc_feat_four_crosses, uniq_louise, uniq_josephine
Lair:1:   layout_roguey, uniq_joseph
Lair:2:   layout_cave_pods, spider_nest_entry_funnel_web, gauntlet_entry_generic
Lair:3:   layout_small_grid, palyth_hydra_swamp_entry, roderic_batcave,
          infiniplex_staircase_pool
Lair:4:   layout_regular_city, lemuel_oklob_altar, infiniplex_staircase_pool_2,
          grunt_megastairs_2
Lair:5:   evilmike_catoblepas_cave, layout_regular_city, slime_entry_1,
          portal_ice_cave_entry_imps, minmay_hedge_maze, pond
Swamp:1:  layout_basic_swamp, nicolae_swamp_triple_paths
Swamp:2:  layout_basic_swamp, nicolae_swamp_feature_on_the_river_bank,
          uniq_frances
Swamp:3:  nzn_winding_woodlands_small [nzn_winding_woodlands_5x15_concentric,
          nzn_winding_woodlands_center_lodge,
          nzn_winding_woodlands_5x15_sidewinder], layout_basic_swamp,
          evilmike_swamp_ruin_rubble_1
Swamp:4:  swamp_basic_johnstein, layout_basic_swamp, swamp_pool_4,
          nicolae_swamp_bloodsuckers_inc
Spider:1: layout_cave_pods, gammafunk_ghost_mausoleum
Spider:2: layout_spider_delve
Spider:3: layout_spider_delve
Spider:4: hellmonk_spider_rune_bug_friends
Orc:1:    layout_caves, basic_altar, serial_shops
Orc:2:    st_orc_mages, layout_diamond_mine, serial_shops, shop,
          nicolae_shop_tiny_statue_garden
Elf:1:    minmay_elf_arrival_summoners, layout_loops_corners,
          minmay_elf_crystal_hexagon
Elf:2:    nicolae_elf_blades_crystal_corner, layout_gridlike,
          grunt_ministairs_11, dreamdust_deal_with_the_devil, chequers_big_river
Elf:3:    grunt_elf_hall_branching, layout_geoelf_diagonals
Vaults:1: vaults_room_fours, vaults_standard_mumra_enter_the_diamond,
          nicolae_vaults_network_periphery, vaults_room_grunt_arrival_ludios,
          v_misc_2, v_rooms_1, st_octagons_2, layout_vaults_maze_bifur,
          serial_shops, nicolae_shop_rolled_up
Vaults:2: vaults_room_fancy_cross, nicolae_vaults_alarming,
          hangedman_vaults_nails, v_misc_18, v_pattern_3,
          nicolae_vaults_yaktaur_gun_rack, nicolae_vaults_more_shelving_1,
          nicolae_vaults_tetromino_L_1, layout_vaults_quadrants,
          dummy_crypt_entry, serial_shops, nicolae_shop_tiny_glass,
          enter_trove_3, uniq_zenata, uniq_donald, uniq_frederick
Vaults:3: ebering_ghost_inner_flame, grunt_vaults_trifunnel,
          nicolae_vaults_storage_closets_2, nicolae_vaults_storage_closets_1,
          grunt_vaults_swirl, serial_ice_b, nicolae_vaults_trapezoid_1,
          v_misc_4, nicolae_vaults_wine_cellar, nicolae_vaults_shelves_hall,
          nicolae_vaults_angled_halls, vaults_dpeg_encased_lava,
          grunt_vaults_focal, layout_vaults_omnicross, uniq_bai_suzhen,
          uniq_xtahua
Vaults:4: nicolae_vaults_sesquioval_fish, ontoclasm_vaults_ring_small,
          ontoclasm_vaults_twist, hangedman_vaults_cutoff,
          nicolae_vaults_oval_intersection, v_misc_27, nicolae_vaults_big_ls,
          nicolae_vaults_offset_grid_hallway_3,
          nicolae_vaults_antechamber_and_loot_room, nicolae_vaults_puzzle_piece,
          nicolae_vaults_closet_pinwheel_3, v_misc_15,
          nicolae_vaults_storage_room_statues, ontoclasm_vaults_fault,
          layout_vaults_omnibox, serial_shops, shop
Vaults:5: uniq_boris
Depths:1: layout_basic, pf_hell_entry_tar_river, hangedman_decor_points,
          evilmike_ruin_ashenzari, minmay_shop_star, uniq_asterion
Depths:2: hangedman_crystal_crosses_colossus [crystal_crosses_arms_four,
          crystal_crosses_arms_two, crystal_crosses_arms_one], hell_entry,
          pan_entry
Depths:3: minmay_the_grid_3x2 [minmay_the_grid_empty, minmay_the_grid_odd_star,
          minmay_the_grid_plusring, minmay_the_grid_gridbox,
          minmay_the_grid_airy, minmay_the_grid_prize_four_corners_diamond_a],
          layout_honeycomb, abyss_entry_small_statue_room,
          trog_three_pillars_becter, gammafunk_ghost_necromancy,
          hangedman_coc_ice_floe
Depths:4: grunt_crosshair, layout_basic, hell_entry, minmay_misc_feat_iff,
          fedhas_altar_3
Zot:1:    layout_basic
Zot:2:    layout_basic, st_stairs_9, regret_index_zotdec_banners
Zot:3:    layout_twisted_circle, hangedman_zot_spectrum, uniq_vv
Zot:4:    layout_gridlike
Zot:5:    layout_twisted_circle

Skill      XL: |  1  2  3  4  5  6  7  8  9 10 11 12 13 14 15 16 17 18 19 20 21 22 23 24 25 26 27 |
---------------+----------------------------------------------------------------------------------+-----
Maces & Flails | 4 6 7 8 10 12 14 15 16 20 | 20.0
Fighting       | 5 6 9 10 14 17 18 20 22 23 24 27 | 27.0
Dodging        | 4 5 8 11 | 11.4
Throwing       | 5 6 10 11 14 18 20 22 | 22.0
Shields        | 5 10 13 15 17 20 | 20.7
Armour         | 5 8 11 12 15 17 | 17.0
Evocations     | 8 9 12 | 12.0

Action                     |  1- 3 |  4- 6 |  7- 9 | 10-12 | 13-15 | 16-18 | 19-21 | 22-24 | 25-27 || total
---------------------------+-------+-------+-------+-------+-------+-------+-------+-------+-------++-------
  Melee: Mace              |   130 |    73 |       |       |       |       |       |       |       ||   203
         Headbutt          |    11 |    19 |    67 |   136 |   257 |   397 |   593 |   370 |   622 ||  2472
         Punch             |     1 |       |     3 |    10 |     2 |       |       |       |       ||    16
         Flail             |       |    62 |   351 |   295 |       |       |       |       |       ||   708
         Giant club        |       |       |    13 |       |       |       |       |       |       ||    13
         Eveningstar       |       |       |       |   255 |   991 |  1498 |  1718 |  1181 |  1557 ||  7200
  Throw: Dart              |       |       |       |     9 |       |       |       |     2 |       ||    11
         Stone             |       |       |       |    12 |       |    61 |       |    13 |       ||    86
         Javelin           |       |       |       |       |       |     4 |     6 |       |    10 ||    20
         Large rock        |       |       |       |       |       |       |     1 |    10 |    99 ||   110
 Invoke: Berserk           |       |     2 |     2 |     5 |     2 |       |       |       |     1 ||    12
         Trog's Hand       |       |     1 |       |       |     2 |     1 |     2 |     2 |     9 ||    17
         Brothers in Arms  |       |       |     1 |       |     1 |     2 |     3 |     1 |     2 ||    10
  Evoke: Wand              |       |       |       |     2 |       |     1 |     1 |     3 |       ||     7
         Tin of tremorston |       |       |       |       |       |       |       |     4 |     1 ||     5
         Lightning rod     |       |       |       |       |       |       |       |     5 |     4 ||     9
    Use: Scroll            |       |     5 |     7 |     9 |    11 |     5 |     1 |     4 |     9 ||    51
         Potion            |       |       |       |       |       |       |       |     3 |     4 ||     7
   Stab: Sleeping          |       |     2 |     1 |       |       |       |       |       |       ||     3
         Paralysed         |       |       |       |       |       |       |     3 |       |       ||     3
         Distracted        |       |       |       |       |       |       |     2 |       |       ||     2
 Armour: Animal skin       |    78 |    79 |   250 |       |       |       |       |       |       ||   407
         Swamp dragon scal |       |       |       |   316 |   300 |   568 |   436 |   326 |    55 ||  2001
         Storm dragon scal |       |       |       |       |       |       |       |       |   314 ||   314
  Dodge: Dodged            |    62 |    61 |   137 |   263 |   103 |   239 |   324 |   221 |   223 ||  1633
  Block: Tower shield      |       |       |       |       |   723 |  1440 |  1473 |   964 |  1275 ||  5875
         Reflection        |       |       |       |       |       |       |       |       |    30 ||    30

Table legend: (Time is in decaauts)
 A = Elapsed time spent in this place.
 B = Non-inter-level travel time spent in this place.
 C = Inter-level travel time spent in this place.
 D = Time resting spent in this place.
 E = Time spent auto-exploring this place.
 F = Levels seen in this place.
 G = Mean time per level.
                   A        B        C        D        E       F      G
               +--------+--------+--------+--------+--------+-----+--------+
         Total |  49700 |  44694 |   5006 |   7268 |  24030 |  51 |  974.5 |
       Dungeon |  17179 |  14992 |   2187 |   2906 |   8741 |  15 | 1145.3 |
          Lair |   5314 |   4697 |    617 |    283 |   3121 |   5 | 1062.8 |
         Swamp |   2535 |   2390 |    145 |    207 |   1451 |   4 |  633.8 |
   Spider Nest |   3545 |   3284 |    261 |    675 |   1561 |   4 |  886.2 |
  Orcish Mines |   1639 |   1375 |    264 |     66 |    910 |   2 |  819.5 |
   Elven Halls |   3347 |   3210 |    137 |    545 |   1732 |   3 | 1115.7 |
        Vaults |   8101 |   7282 |    819 |   1154 |   3667 |   5 | 1620.2 |
        Depths |   4756 |   4255 |    501 |    566 |   2326 |   4 | 1189.0 |
           Zot |   1981 |   1910 |     71 |    570 |    221 |   5 |  396.2 |
        Bazaar |    281 |    281 |      0 |    139 |     68 |   1 |  281.0 |
       Ossuary |    163 |    163 |      0 |      0 |      0 |   1 |  163.0 |
      Ice Cave |    552 |    552 |      0 |     75 |    232 |   1 |  552.0 |
      Gauntlet |    302 |    302 |      0 |     79 |      0 |   1 |  302.0 |
               +--------+--------+--------+--------+--------+-----+--------+

Top non-repeatable levels by time:
     D:8: 2377 daAuts
Vaults:3: 1793 daAuts
Vaults:2: 1756 daAuts
Depths:1: 1710 daAuts
Vaults:1: 1677 daAuts
Vaults:5: 1532 daAuts
     D:5: 1517 daAuts
    D:12: 1374 daAuts
Vaults:4: 1341 daAuts
   Orc:2: 1281 daAuts
   Elf:3: 1252 daAuts
  Lair:3: 1217 daAuts
     D:4: 1177 daAuts
  Lair:2: 1159 daAuts
    D:10: 1155 daAuts
